 Dungeon Crawl Stone Soup version 0.21-a0-591-g2314aa1 (webtiles) character file.

25 Gerstahl the Slasher (level 2, -2/23 HPs)
             Began as a Demonspawn Gladiator on Dec 22, 2017.
             Slain by a hobgoblin (4 damage)
             ... led by Robin
             ... on level 2 of the Dungeon.
             The game lasted 00:01:35 (756 turns).

Gerstahl the Slasher (Demonspawn Gladiator)          Turns: 756, Time: 00:01:35

Health: -2/23      AC:  4    Str: 14    XL:     2   Next: 86%
Magic:  2/2        EV: 12    Int:  9    God:
Gold:   63         SH:  0    Dex: 14    Spells: 1/1 levels left

rFire    . . .     SeeInvis .   a - +0 long sword
rCold    . . .     Gourm    .   (no shield)
rNeg     . . .     Faith    .   b - +0 leather armour
rPois    +         Spirit   .   c - +0 helmet
rElec    .         Reflect  .   (no cloak)
rCorr    .         Harm     .   (no gloves)
MR       .....                  (no boots)
Stlth    +.........             (no amulet)
HPRegen  0.07/turn              e - ring of poison resistance
MPRegen  0.08/turn              i - ring of wizardry

@: no status effects
A: powered by pain 1
a: no special abilities


You were on level 2 of the Dungeon.
You were not hungry.

You visited 1 branch of the dungeon, and saw 2 of its levels.

You collected 63 gold pieces.

Inventory:

Hand Weapons
 a - a +0 long sword (weapon)
Missiles
 d - 3 throwing nets (quivered)
Armour
 b - a +0 leather armour (worn)
 c - a +0 helmet (worn)
Jewellery
 e - a ring of poison resistance (left hand)
 i - a ring of wizardry (right hand)
Scrolls
 h - a scroll of random uselessness {unknown}
 k - a scroll of magic mapping {unknown}
 l - a scroll of immolation {unknown}
Potions
 m - a potion of agility {unknown}
Comestibles
 f - 2 rations
 g - 3 chunks of flesh


   Skills:
 + Level 2.8 Fighting
 + Level 3.2 Long Blades
 - Level 1.7 Throwing
 - Level 2.6 Dodging


You had one spell level left.
You didn't know any spells.

Dungeon Overview and Level Annotations

Branches:
Dungeon (2/15)

Altars:
Okawaru
The Shining One

Annotations:
D:2 Robin


Innate Abilities, Weirdness & Mutations

You sometimes gain a little power by taking damage.


Message History

Robin barely misses you.
You slash the goblin!
You kill the goblin!
The hobgoblin no longer looks unusually strong.
The goblin hits you. The hobgoblin closely misses you.
Robin roars a battlecry!
The hobgoblin goes into a battle-frenzy!
The goblin hits you. The goblin barely misses you.
You hit the goblin.
The goblin is moderately wounded.
The goblin no longer looks unusually strong. x2
The hobgoblin closely misses you.
You riposte.
You barely miss the hobgoblin.
The hobgoblin hits you but does no damage.
Robin barely misses you. The goblin hits you but does no damage.
The goblin misses you.
You riposte.
You barely miss the goblin.
The goblin is moderately wounded.
The hobgoblin hits you.
* * * LOW HITPOINT WARNING * * *
The hobgoblin hits you.
You die...

###############
#.............##
#.########.#...######
#.#......#..........#
#.#.##..g#..#.♣.♣.#.#
#.#.<#.gg#.^........#
#.####.g@#..♣.♣.♣.♣.#
#...)..gg#....._...[#
#.###########.#.#..♣.♣.♣.♣.#
#.......#####)#.#..........#
.%........g......>.#.♣.♣.#.#
..#.##.#..................#
#.#................###
.._....)'..............###
##.#g##.#..............#


You could see Robin, 2 hobgoblins and 3 goblins.

Vanquished Creatures
  A leopard gecko (D:1)
  A ball python (D:1)
  A giant cockroach (D:1)
  8 goblins
  4 hobgoblins
  3 bats (D:1)
  2 frilled lizards (D:1)
  A kobold (D:1)
  2 rats (D:1)
23 creatures vanquished.

Notes
Turn   | Place    | Note
-------+----------+-------------------------------------------
     0 | D:1      | Gerstahl the Demonspawn Gladiator began the quest for the Orb.
     0 | D:1      | Reached XP level 1. HP: 16/16 MP: 1/1
   240 | D:1      | Reached skill level 3 in Long Blades
   273 | D:1      | Gained mutation: You sometimes gain a little power by taking damage. [demonic ancestry]
   273 | D:1      | Reached XP level 2. HP: 23/23 MP: 2/2
   682 | D:2      | Found an iron altar of Okawaru.
   726 | D:2      | Found a glowing golden altar of the Shining One.
   727 | D:2      | Noticed Robin
   756 | D:2      | Slain by a hobgoblin

Vault maps used:
D:1:      dpeg_arrival_round_b
D:2:      lemuel_doored_altar, tgw_trog, lemuel_crystal_altar, okawaru_trees_1,
          ashenzari_altar_1, uniq_robin

Skill      XL: |  1 |
---------------+----+-----
Long Blades    | 3 |  3.2
Fighting       | |  2.8
Throwing       | |  1.7
Dodging        | |  2.6

Action                   || total
-------------------------++-------
Melee: Long sword        ||    48
  Use: Potion            ||     1
 Stab: Sleeping          ||     1
Armor: Leather armour    ||    21
Dodge: Dodged            ||    56
       Rpst.: Long sword ||    23

Table legend:
 A = Spawn XP
 B = Non-spawn XP
 C = Spawn XP percentage of total XP
 D = Spawn monster count
 E = Non-spawn monster count
 F = Spawn count percentage of total count
 G = Total turns spent on level
                    A         B        C        D         E        F      G
               +---------+---------+-------+---------+---------+-------+---------
         Total |       0 |      37 |   0.0 |       0 |      23 |   0.0 |   756
               +---------+---------+-------+---------+---------+-------+---------
           D:1 |       0 |      28 |   0.0 |       0 |      17 |   0.0 |   668
           D:2 |       0 |       9 |   0.0 |       0 |       6 |   0.0 |    88
               +---------+---------+-------+---------+---------+-------+---------
